 Dungeon Crawl Stone Soup version 0.31-a0-1576-ga3383bade6 (webtiles) character file.

Game seed: 5038238418378840216

17484 pokeman the Eclecticist (level 12, -3/70 HPs)
             Began as a Deep Elf Hedge Wizard on Jan 5, 2024.
             Was a Priest of Vehumet.
             Slain by a death yak (23 damage)
             ... in a Gauntlet.
             The game lasted 00:32:50 (12662 turns).

pokeman the Eclecticist (Deep Elf Hedge Wizard)    Turns: 12662, Time: 00:32:52

Health: -3/70      AC: 12    Str:  9    XL:     12   Next: 19%
Magic:  29/44      EV: 13    Int: 31    God:    Vehumet [***...]
Gold:   748        SH:  0    Dex: 14    Spells: 27/45 levels left

rFire   . . .        U - +2 demon trident (venom)
rCold   . . .        (no shield)
rNeg    . . .        I - +0 steam dragon scales
rPois   +            S - +3 hat "Sumuturu" {rPois}
rElec   .            J - +0 cloak
rCorr   +            W - +1 pair of gloves of Privacy {rCorr Str+2}
SInv    .            (no boots)
Will    +....        (no amulet)
Stlth   ++           g - +6 ring of intelligence
HPRegen 0.31/turn    j - ring of magical power
MPRegen 0.29/turn

%: no teleportation
@: very slightly contaminated, slowed, very slow
A: no striking features
a: Renounce Religion


You were in a Gauntlet.
You worshipped Vehumet.
Vehumet was most pleased with you.
You visited 2 branches of the dungeon, and saw 13 of its levels.
You also visited: Gauntlet.

You collected 748 gold pieces.

Inventory:

Hand Weapons
 c - the +1 whip of Division {spect, rPois rN+ Will+}
   (You found it on level 9 of the Dungeon)

   rPois:     It protects you from poison rN+: It protects you from negative
   energy.
   Will+:     It increases your willpower.
 U - a +2 demon trident of venom (weapon)
Missiles
 F - 2 throwing nets
 K - a curare-tipped dart
Armour
 t - the +2 ring mail of Zin's Indignation {+Blink +Inv rPois Slay-6}
   (You found it on level 3 of the Dungeon)

   Slay-6:    It affects your accuracy & damage with ranged weapons and melee
   (-6).
   rPois:     It protects you from poison +Inv: It lets you turn invisible.
   +Blink:    It lets you blink.
 I - +0 steam dragon scales (worn)
 J - a +0 cloak (worn)
 O - a +2 leather armour of cold resistance
 S - the +3 hat "Sumuturu" (worn) {rPois}
   (You found it on level 9 of the Dungeon)

   rPois:     It protects you from poison
 W - the +1 pair of gloves of Privacy (worn) {rCorr Str+2}
   (You found it on level 11 of the Dungeon)

   Str+2:     It affects your strength (+2).
   rCorr:     It protects you from acid and corrosion.
 Y - a +0 buckler
Magical Staves
 s - a staff of conjuration
Jewellery
 a - a ring of protection from fire
 g - a +6 ring of intelligence (left hand)
 j - a ring of magical power (right hand)
 N - a ring of flight
Wands
 y - a wand of roots (20)
 G - a wand of polymorph (2)
 H - a wand of charming (9)
 P - a wand of digging (4)
 T - a wand of mindburst (6)
Scrolls
 b - a scroll of immolation
 w - 3 scrolls of blinking
 B - a scroll of torment {unknown}
 C - 7 scrolls of teleportation {unknown}
 R - a scroll of enchant armour {unknown}
 V - a scroll of silence {unknown}
 X - a scroll of butterflies {unknown}
Potions
 d - a potion of magic
 f - 2 potions of degeneration {unknown}
 k - a potion of enlightenment {unknown}
 m - 2 potions of attraction {unknown}
 n - 2 potions of lignification {unknown}
 p - 2 potions of heal wounds {unknown}
 q - 6 potions of curing {unknown}
 r - 2 potions of haste {unknown}
 z - 2 potions of might {unknown}
 L - 3 potions of brilliance {unknown}
 M - a potion of berserk rage {unknown}
 Q - 2 potions of resistance {unknown}
 Z - a potion of invisibility {unknown}


   Skills:
 - Level 6.0 Fighting
 + Level 4.3 Armour
 - Level 3.0 Dodging
 - Level 3.0 Stealth
 * Level 17.0 Spellcasting
 + Level 10.1 Conjurations
 - Level 1.1 Summonings
 - Level 1.1 Translocations
 + Level 8.6 Ice Magic
 - Level 1.1 Air Magic
 - Level 1.1 Alchemy
 - Level 2.1 Evocations


You had 27 spell levels left.
You knew the following spells:

 Your Spells              Type           Power      Damage    Failure   Level
a - Magic Dart            Conj           100%       1d8       1%          1
b - Mephitic Cloud        Conj/Alch/Air  51%        N/A       1%          3
c - Call Imp              Summ           66%        N/A       1%          2
d - Blink                 Tloc           66%        N/A       1%          2
e - Irradiate             Conj/Alch      28%        3d21      1%          5
f - Freezing Cloud        Conj/Ice/Air   30%        6-21      1%          5

Your spell library contained the following spells:

 Spells                   Type           Power      Damage    Failure   Level
 Dazzling Flash           Conj/Hex       100%       N/A       1%          3
 Apportation              Tloc           66%        N/A       1%          1
 Necrotise                Necr           100%       1d9       1%          1
 Slow                     Hex            100%       N/A       1%          1
 Sting                    Conj/Alch      100%       1d9       1%          1
 Summon Small Mammal      Summ           100%       N/A       1%          1
 Cigotuvi's Dreadful Rot  Necr/Alch/Air  62%        N/A       1%          2
 Ensorcelled Hibernation  Hex/Ice        100%       N/A       1%          2
 Mercury Vapours          Alch/Air       66%        N/A       1%          2
 Inner Flame              Hex/Fire       26%        N/A       1%          3
 Call Canine Familiar     Summ           33%        N/A       3%          3
 Confusing Touch          Hex            26%        N/A       4%          3
 Fugue of the Fallen      Necr           26%        N/A       4%          3
 Sigil of Binding         Hex            26%        N/A       4%          3
 Vampiric Draining        Necr           26%        2d7       4%          3
 Dimensional Bullseye     Hex/Tloc       14%        N/A       13%         4
 Anguish                  Hex/Necr       13%        N/A       16%         4
 Ignition                 Fire           13%        3d6       100%        8


Dungeon Overview and Level Annotations

Branches:
Dungeon (12/15)            Temple (1/1) D:6            Lair (0/5) D:9
    Orc (0/2) D:10        Gauntlet (1/1)

Altars:
Ashenzari
Cheibriados
Dithmenos
Elyvilon
Fedhas
Gozag
Hepliaklqana
Kikubaaqudgha
Makhleb
Nemelex Xobeh
Okawaru
Qazlal
Ru
Sif Muna
Trog
Uskayaw
Vehumet
Wu Jian
Xom
Yredelemnul
Zin
The Shining One

Shops:
D:2 =

Annotations:
D:9 6 runed translucent doors Gauntlet 9 transporters, exclusion: ice statue


Message History

The death yak is engulfed in noxious fumes.
The death yak appears confused.
The death yak barely misses the death yak.
The death yak is engulfed in noxious fumes.
The death yak closely misses you.
The death yak is engulfed in noxious fumes.
The death yak gores the death yak but does no damage.
Casting: Blink (safe; 1% risk of failure)
Confirm with . or Enter, or press ? or * to list all spells.
Aiming: Mephitic Cloud (safe; 1% risk of failure)
Press: ? - help, Shift-Dir - straight line, f - death yak, p - death yak
Aim: a death yak (heavily wounded, chance to affect: 34%)
The ball explodes into a vile cloud!
The stinking cloud engulfs the death yak.
The death yak is heavily wounded.
The stinking cloud engulfs you.
The stinking cloud engulfs the torpor snail.
The torpor snail is almost dead.
The death yak seems less confused.
The torpor snail is engulfed in noxious fumes.
Being near the torpor snail leaves you feeling lethargic.
The death yak is engulfed in noxious fumes.
The death yak appears confused.
The death yak gores you but does no damage.
Unknown command.
The death yak is engulfed in noxious fumes. x2
The torpor snail is engulfed in noxious fumes.
Unknown command.
Unknown command.
You hit the death yak but do no damage.
The death yak is poisoned.
The death yak is heavily wounded.
The death yak is engulfed in noxious fumes.
The death yak appears confused.
The death yak is engulfed in noxious fumes. x2
The death yak appears confused.
The torpor snail is engulfed in noxious fumes.
The torpor snail appears confused.
The death yak is engulfed in noxious fumes.
The death yak appears confused.
The death yak gores you!!
You die...

### ### ### ### ### # #8# #8#
#8# #8# #8# #
########################
#≈......................
#.......................
###..###########...#######
#8#..#[#.Y#§○..#.8.#......
###..#[.#@w#Y..#...#.##^.^
#####..##..#§Y#..#####.#.#.#
#≈8≈#..#.#..#☼Y#.#...#..##.#
##...#..#©.#..#©.##©.©#©.#.©.
...8.#..#.#..#..#.#...#..##.#
##...#..##..#..#..#####.#.#.#
...8.#..#!.#..#...#...#.##^.)
.#...#..#(#..#....#...#.^....
#...#..###########...#######


You could see 4 death yaks and a torpor snail (confused).

Vanquished Creatures
  Erolcha (D:10)
  10 death yaks
  2 two-headed ogres (D:11)
  Urug (D:10)
  An occultist (Gauntlet)
  An arcanist (Gauntlet)
  2 cyclopes (D:11)
  A kobold demonologist (D:9)
  Jeremiah (D:9)
  A troll (D:11)
  2 hornets
  Grinder (D:6)
  A jumping spider (D:9)
  Sigmund (D:6)
  8 yaks
  A wyvern (D:8)
  A basilisk (D:12)
  A warg (D:10)
  A redback (D:9)
  2 steam dragons
  Menkaure (D:6)
  2 acid dragons
  2 orc warriors
  2 sky beasts
  A black bear (D:7)
  An ogre (D:6)
  3 centaurs
  A tengu (D:6)
  2 wolves (D:10)
  A phantom (D:5)
  3 kobold brigands
  5 bullfrogs
  A gnoll sergeant (D:11)
  6 scorpions
  5 wights (D:7)
  2 killer bees (D:10)
  3 howler monkeys (D:8)
  3 jellies
  A bombardier beetle (D:3)
  6 orc priests
  A gnoll bouda (D:10)
  2 hounds
  2 sleepcaps
  4 iguanas
  14 orc wizards
  18 gnolls
  6 adders
  4 shadow imps
  3 white imps
  4 ufetubi
  3 dart slugs
  2 ribbon worms
  31 orcs
  7 endoplasms
  A giant cockroach (D:1)
  8 goblins
  9 hobgoblins
  18 kobolds
  3 quokkas (D:1)
  3 ball pythons
  6 bats
  3 frilled lizards
  9 rats
252 creatures vanquished.

Vanquished Creatures (collateral kills)
  Jessica (D:2)
  A ribbon worm (D:2)
2 creatures vanquished.

Vanquished Creatures (others)
  A killer bee (D:10)
1 creature vanquished.

Grand Total: 255 creatures vanquished

Notes
Turn   | Place    | Note
-------+----------+-------------------------------------------
     0 | D:1      | pokeman the Deep Elf Hedge Wizard began the quest for the
                  | Orb.
     0 | D:1      | Reached XP level 1. HP: 10/10 MP: 7/7
   165 | D:1      | Reached XP level 2. HP: 15/15 MP: 2/9
   528 | D:1      | Reached skill level 5 in Spellcasting
   824 | D:1      | Reached XP level 3. HP: 20/20 MP: 11/11
   941 | D:2      | Learned a level 3 spell: Mephitic Cloud
   944 | D:2      | Learned a level 2 spell: Call Imp
   947 | D:2      | Learned a level 2 spell: Blink
  1018 | D:2      | Found Gyti's Jewellery Shoppe.
  1064 | D:2      | Reached skill level 1 in Fighting
  1064 | D:2      | Reached skill level 1 in Armour
  1257 | D:2      | Reached XP level 4. HP: 25/25 MP: 13/13
  1579 | D:2      | Noticed Jessica
  1589 | D:2      | HP: 1/25 [something (6)]
  1598 | D:2      | Killed Jessica
  2320 | D:3      | Reached skill level 6 in Spellcasting
  2320 | D:3      | Reached XP level 5. HP: 29/29 MP: 13/15
  2622 | D:3      | Identified the +2 ring mail of Zin's Indignation {+Blink
                  | +Inv rPois Slay-6}
  3318 | D:4      | Reached skill level 1 in Alchemy
  3371 | D:4      | Reached skill level 1 in Air Magic
  3371 | D:4      | Reached XP level 6. HP: 34/34 MP: 17/17
  3474 | D:4      | Found an opulent altar of Gozag.
  3490 | D:4      | Reached skill level 7 in Spellcasting
  3490 | D:4      | Reached skill level 1 in Evocations
  3492 | D:4      | Found a bloodstained altar of Trog.
  4102 | D:5      | Entered Level 5 of the Dungeon
  4213 | D:5      | Reached XP level 7. HP: 29/39 MP: 9/20
  4531 | D:5      | Reached skill level 8 in Spellcasting
  5182 | D:6      | Noticed Sigmund
  5202 | D:6      | Killed Sigmund
  5203 | D:6      | Reached skill level 9 in Spellcasting
  5203 | D:6      | Reached XP level 8. HP: 19/44 MP: 23/23
  5356 | D:6      | Reached skill level 5 in Conjurations
  5418 | D:6      | Noticed Grinder
  5426 | D:6      | Learned a level 5 spell: Freezing Cloud
  5477 | D:6      | Identified the +8 plate armour "Kerchaywk" {Str+3 SInv}
  5563 | D:6      | Reached skill level 10 in Spellcasting
  5591 | D:6      | Noticed Menkaure
  5600 | D:6      | Killed Menkaure
  5601 | D:6      | Reached skill level 1 in Ice Magic
  5878 | D:6      | Noticed Maggie
  6074 | D:6      | Found a staircase to the Ecumenical Temple.
  6087 | Temple   | Entered the Ecumenical Temple
  6108 | Temple   | Became a worshipper of Vehumet
  6299 | D:6      | Maggie changed into Maggie the tengu
  6299 | D:6      | Noticed Maggie
  6313 | D:6      | Killed Maggie the tengu
  6444 | D:6      | Killed Grinder
  6445 | D:6      | Reached skill level 11 in Spellcasting
  6445 | D:6      | Reached XP level 9. HP: 48/48 MP: 9/26
  6584 | D:6      | Found an ornate altar of the Wu Jian Council.
  6585 | D:6      | Found a hide-covered altar of Uskayaw.
  6588 | D:6      | Found an ancient bone altar of Kikubaaqudgha.
  6589 | D:6      | Found a blossoming altar of Fedhas.
  6590 | D:6      | Found a glowing silver altar of Zin.
  6681 | D:7      | HP: 2/48 [cloud of freezing vapour (26)]
  6889 | D:7      | Learned a level 5 spell: Irradiate
  6923 | D:7      | Reached * piety under Vehumet
  6923 | D:7      | Offered knowledge of Freeze by Vehumet.
  7432 | D:7      | Reached skill level 12 in Spellcasting
  8803 | D:9      | Noticed a death yak
  8803 | D:9      | Noticed a death yak
  8814 | D:9      | Noticed a death yak
  8814 | D:9      | Noticed a death yak
  8822 | D:9      | Noticed a death yak
  8824 | D:9      | Killed a death yak
  8824 | D:9      | Noticed a death yak
  8825 | D:9      | Reached skill level 13 in Spellcasting
  8825 | D:9      | Reached skill level 5 in Ice Magic
  8825 | D:9      | Reached XP level 10. HP: 46/56 MP: 7/29
  8825 | D:9      | Noticed a death yak
  8825 | D:9      | Noticed a death yak
  8827 | D:9      | Killed a death yak
  8830 | D:9      | Killed a death yak
  8836 | D:9      | Killed a death yak
  8836 | D:9      | Killed a death yak
  8836 | D:9      | Killed a death yak
  8837 | D:9      | Reached skill level 14 in Spellcasting
  9328 | D:9      | Found a hazy altar of Hepliaklqana.
  9394 | D:9      | Offered knowledge of Scorch by Vehumet.
  9460 | D:9      | Reached ** piety under Vehumet
  9461 | D:9      | Reached XP level 11. HP: 62/62 MP: 31/31
  9508 | D:9      | Found a runed translucent door.
  9646 | D:9      | Found a runed translucent gate.
  9647 | D:9      | Identified the +3 hat "Sumuturu" {rPois}
  9647 | D:9      | Noticed a boulder beetle
  9660 | D:9      | Found a runed translucent gate.
  9661 | D:9      | Found a runed translucent gate.
  9661 | D:9      | Found a runed translucent gate.
  9661 | D:9      | Found a runed translucent gate.
  9661 | D:9      | Identified the +1 whip of Division {spect, rPois rN+ Will+}
  9661 | D:9      | Noticed a lindwurm
  9661 | D:9      | Noticed a boulder beetle
  9663 | D:9      | Found a runed translucent gate.
  9918 | D:9      | Noticed Jeremiah
  9924 | D:9      | Killed Jeremiah
  9993 | D:9      | Found a staircase to the Lair.
 10056 | D:9      | Killed a death yak
 10057 | D:9      | Reached skill level 15 in Spellcasting
 10070 | D:9      | Killed a death yak
 10176 | D:10     | Entered Level 10 of the Dungeon
 10445 | D:10     | Found a shadowy altar of Dithmenos.
 10454 | D:10     | Noticed Urug
 10483 | D:10     | Killed Urug
 10484 | D:10     | Reached skill level 5 in Fighting
 10793 | D:10     | Noticed Erolcha
 10798 | D:10     | Killed Erolcha
 11077 | D:10     | Found a staircase to the Orcish Mines.
 11302 | D:11     | Noticed a +0 short sword
 11302 | D:11     | Noticed a +0 dagger
 11302 | D:11     | Noticed a +0 spear
 11302 | D:11     | Noticed a +0 dagger
 11302 | D:11     | Noticed a +0 falchion
 11303 | D:11     | Noticed a +0 spear
 11303 | D:11     | Noticed a +0 falchion
 11304 | D:11     | Noticed a +0 short sword
 11316 | D:11     | Found a hide-covered altar of Uskayaw.
 11377 | D:11     | Noticed a two-headed ogre
 11392 | D:11     | Reached skill level 16 in Spellcasting
 11392 | D:11     | Killed a two-headed ogre
 11392 | D:11     | Offered knowledge of Dazzling Flash by Vehumet.
 11456 | D:11     | Identified the +1 pair of gloves of Privacy {rCorr Str+2}
 11495 | D:11     | Noticed a two-headed ogre
 11501 | D:11     | Killed a two-headed ogre
 12276 | D:12     | Found a gate leading to a gauntlet.
 12297 | Gauntlet | Entered a Gauntlet
 12297 | Gauntlet | Noticed an occultist
 12297 | Gauntlet | Found a transporter.
 12297 | Gauntlet | Found a transporter.
 12297 | Gauntlet | Found a transporter.
 12297 | Gauntlet | Found a transporter.
 12307 | Gauntlet | Noticed an arcanist
 12377 | Gauntlet | Found a transporter.
 12381 | Gauntlet | Noticed a death yak
 12382 | Gauntlet | Noticed a death yak
 12382 | Gauntlet | Noticed a death yak
 12383 | Gauntlet | Noticed a death yak
 12383 | Gauntlet | Noticed a death yak
 12383 | Gauntlet | Noticed a death yak
 12394 | Gauntlet | Found a transporter.
 12394 | Gauntlet | Noticed a soul eater
 12400 | Gauntlet | Found the crystal ball of Wucad Mu {*channel}
 12456 | Gauntlet | Found a transporter.
 12469 | Gauntlet | Found a transporter.
 12484 | Gauntlet | Found a transporter.
 12490 | Gauntlet | Noticed a tengu warrior
 12498 | Gauntlet | Found a transporter.
 12513 | Gauntlet | Found a transporter.
 12519 | Gauntlet | Found a transporter.
 12587 | Gauntlet | Reached XP level 12. HP: 69/69 MP: 34/34
 12593 | Gauntlet | Reached *** piety under Vehumet
 12596 | Gauntlet | Reached skill level 10 in Conjurations
 12652 | Gauntlet | Killed a death yak
 12654 | Gauntlet | Killed a death yak
 12655 | Gauntlet | Reached skill level 17 in Spellcasting
 12662 | Gauntlet | Slain by a death yak

Illustrated notes

Levels and vault maps discovered:
D:1:      onia_arrival_pyramid, layout_rooms
D:2:      layout_basic, serial_shops, shop_statue, uniq_jessica
D:3:      layout_basic, minmay_box_of_dots
D:4:      layout_basic, jmf_multi_god_temple
D:5:      minmay_general_purpose_star, layout_basic
D:6:      layout_basic, minitemple, minmay_temple_entry_overgrown,
          chequers_serial_rivers_small_b, minivault_10, uniq_maggie,
          uniq_grinder, uniq_sigmund, uniq_menkaure
D:7:      layout_loops_corners, dk_vineyard_3
D:8:      layout_loops_cross
D:9:      gammafunk_indiana_jones, layout_loops_cross, lemuel_tele_altar,
          dpeg_lair_monsters, serial_glass, glass_columns_a, glass_columns_a,
          uniq_jeremiah
D:10:     layout_basic, nicolae_dithmenos_the_darkroom,
          minmay_orc_entry_guard_dogs, uniq_urug, uniq_erolcha
D:11:     layout_roguey, nicolae_uskayaw_en_pointe
D:12:     layout_basic, gauntlet_entry_generic
Temple:   nicolae_temple_bog_church
Gauntlet: gammafunk_gauntlet_shortcut [gammafunk_gauntlet_arena_corners,
          gammafunk_gauntlet_arena_arrow_garden, nicolae_gauntlet_arena_t_cross,
          gammafunk_gauntlet_arena_crates, gammafunk_gauntlet_arena_grid,
          nicolae_gauntlet_arena_grate_2,
          nicolae_gauntlet_exit_dead_adventurers]

Skill      XL: |  1  2  3  4  5  6  7  8  9 10 11 12 |
---------------+-------------------------------------+-----
Spellcasting   | 5 6 7 9 11 13 14 16 17 | 17.0
Fighting       | 1 2 3 4 5 6 |  6.0
Armour         | 1 2 3 4 |  4.3
Conjurations   | 2 3 4 6 7 8 9 10 | 10.1
Stealth        | 3 |  3.0
Dodging        | 3 |  3.0
Alchemy        | 1 |  1.1
Air Magic      | 1 |  1.1
Evocations     | 1 2 |  2.1
Ice Magic      | 2 5 6 8 |  8.6
Summonings     | |  1.1
Translocations | |  1.1

Action                     |  1- 3 |  4- 6 |  7- 9 | 10-12 || total
---------------------------+-------+-------+-------+-------++-------
  Melee: Dagger            |    24 |    36 |    71 |       ||   131
         Punch             |       |       |     1 |     2 ||     3
         Whip              |       |       |    26 |    63 ||    89
         Demon trident     |       |       |       |    58 ||    58
   Cast: Magic Dart        |    77 |   118 |   250 |    19 ||   464
         Mephitic Cloud    |     3 |    10 |    27 |    16 ||    56
         Call Imp          |       |     1 |     1 |     5 ||     7
         Freezing Cloud    |       |       |     7 |    16 ||    23
         Blink             |       |       |     1 |     2 ||     3
         Irradiate         |       |       |     9 |    27 ||    36
  Evoke: Wand              |       |       |     2 |       ||     2
    Use: Scroll            |       |       |       |    10 ||    10
   Stab: Confused          |     3 |     6 |    10 |     6 ||    25
 Armour: Robe              |    12 |    17 |    40 |       ||    69
         Steam dragon scal |       |       |    31 |    94 ||   125
  Dodge: Dodged            |    16 |    23 |   108 |    71 ||   218

Table legend: (Time is in decaauts)
 A = Elapsed time spent in this place.
 B = Non-inter-level travel time spent in this place.
 C = Inter-level travel time spent in this place.
 D = Time resting spent in this place.
 E = Time spent auto-exploring this place.
 F = Levels seen in this place.
 G = Mean time per level.
                   A        B        C        D        E       F      G
               +--------+--------+--------+--------+--------+-----+--------+
         Total |  12697 |  12190 |    507 |    649 |   9403 |  14 |  906.9 |
       Dungeon |  12114 |  11648 |    466 |    414 |   9403 |  12 | 1009.5 |
        Temple |    205 |    164 |     41 |    159 |      0 |   1 |  205.0 |
      Gauntlet |    377 |    377 |      0 |     76 |      0 |   1 |  377.0 |
               +--------+--------+--------+--------+--------+-----+--------+

Top non-repeatable levels by time:
     D:7: 1270 daAuts
     D:2: 1260 daAuts
     D:9: 1251 daAuts
     D:6: 1229 daAuts
     D:4: 1199 daAuts
    D:10: 1130 daAuts
     D:5: 1079 daAuts
     D:8: 1051 daAuts
     D:1: 935 daAuts
    D:11: 926 daAuts
     D:3: 704 daAuts
Gauntlet: 377 daAuts
  Temple: 205 daAuts
    D:12: 76 daAuts
